 Dungeon Crawl Stone Soup version 0.25-a0-890-g62861fb (webtiles) character file.

Game seed: 17235824946317987020, levelgen mode: deterministic

77 Faca the Skirmisher (level 4, -7/41 HPs)
             Began as a Draconian Berserker on May 11, 2020.
             Was a Follower of Trog.
             Killed from afar by a white imp (8 damage)
             ... with a puff of frost
             ... summoned by Natasha
             ... on level 3 of the Dungeon.
             The game lasted 00:02:04 (1650 turns).

Faca the Skirmisher (Draconian Berserker)           Turns: 1650, Time: 00:02:05

Health: -7/41      AC:  5    Str: 20    XL:     4   Next: 14%
Magic:  4/4        EV: 12    Int:  8    God:    Trog [*.....]
Gold:   88         SH:  0    Dex: 10    Spells: 3/3 levels left

rFire    . . .     SeeInvis .   a - +0 falchion
rCold    . . .     Gourm    .   (no shield)
rNeg     . . .     Faith    .   (armour unavailable)
rPois    .         Spirit   .   (helmet restricted)
rElec    .         Reflect  .   (no cloak)
rCorr    .         Harm     .   (no gloves)
MR       .....                  (no boots)
Stlth    +.........             g - amulet of regeneration
HPRegen  0.53/turn              (no ring)
MPRegen  0.09/turn              (no ring)

@: slowed, very slow
A: unfitting armour, cold-blooded, AC +5
a: Berserk, Renounce Religion


You were on level 3 of the Dungeon.
You worshipped Trog.
Trog was aware of your devotion.
You were not hungry.

You visited 1 branch of the dungeon, and saw 3 of its levels.

You collected 88 gold pieces.

Inventory:

Hand Weapons
 a - a +0 falchion (weapon)
Jewellery
 g - an amulet of regeneration (around neck)
Scrolls
 f - a scroll of fog
 k - a scroll of remove curse
Potions
 d - a potion of cancellation
 e - 2 potions of haste
Comestibles
 b - 5 rations


   Skills:
 + Level 4.5 Fighting
 + Level 4.1 Long Blades
 - Level 2.6 Dodging


You had 3 spell levels left.
You didn't know any spells.
Your spell library was empty.

Dungeon Overview and Level Annotations

Branches:
Dungeon (3/15)

Altars:
Dithmenos

Annotations:
D:3 Natasha


Innate Abilities, Weirdness & Mutations

Your plain brown scales are hard. (AC +5)
You cannot fit into any form of body armour.
You are cold-blooded and may be slowed by cold attacks.


Message History

You barely miss Natasha.
Your tail-slap misses Natasha.
Natasha is severely wounded.
The shadow imp hits you but does no damage.
Natasha barely misses you.
You riposte.
You miss Natasha.
Natasha is severely wounded.
The white imp closely misses you.
You riposte.
You barely miss the white imp. The shadow imp closely misses you.
Natasha stares at you and mumbles some strange words.
The magic dart hits you.
You hit Natasha.
Natasha is almost dead.
The white imp gestures at you. The puff of frost hits you!
* * * LOW HITPOINT WARNING * * *
The shadow imp hits you but does no damage.
Natasha claws you!
* * * LOW HITPOINT WARNING * * *
The white imp gestures at you. The puff of frost hits you!
You die...

.........# .........#
#........# .........#
#........# .........#
#........# .........#
#........+
.........####........###
.........#.##...........
#......###.##....5...#
.......'...##...@h...#
#......###.##รท...5...#
#......###.##........#
.......+................
#......###.###########..
#..##### #.# . #..# #.#
#..# #.# #..# #.#


You could see Natasha, a white imp and a shadow imp.

Vanquished Creatures
  Natasha (D:3)
  An adder (D:3)
  A worm (D:2)
  2 dart slugs
  3 leopard geckos (D:1)
  A bat (D:1)
  2 giant cockroaches
  5 goblins
  4 hobgoblins
  2 kobolds (D:1)
  A quokka (D:2)
  A ball python (D:2)
  3 frilled lizards
  3 rats
30 creatures vanquished.

Notes
Turn   | Place    | Note
-------+----------+-------------------------------------------
     0 | D:1      | Faca the Draconian Berserker began the quest for the Orb.
     0 | D:1      | Reached XP level 1. HP: 19/19 MP: 1/1
   165 | D:1      | Reached XP level 2. HP: 26/26 MP: 2/2
   965 | D:2      | Reached XP level 3. HP: 24/33 MP: 3/3
   983 | D:2      | Found a shadowy altar of Dithmenos.
  1620 | D:3      | Noticed Natasha
  1634 | D:3      | Killed Natasha
  1634 | D:3      | Reached XP level 4. HP: 33/41 MP: 4/4
  1639 | D:3      | Noticed Natasha
  1650 | D:3      | HP: 1/41 [Natasha (8)]
  1650 | D:3      | Killed from afar by a white imp

Levels and vault maps discovered:
D:1:      zelgadis_glass_arrival_small, layout_loops_corners,
          chequers_serial_rivers_room_b
D:2:      layout_basic, grunt_dithmenos_smoke_and_mirrors
D:3:      layout_basic, nicolae_qazlal_general_emergency, uniq_natasha,
          uniq_terence, uniq_grinder

Skill      XL: |  1  2  3 |
---------------+----------+-----
Fighting       | 4 |  4.5
Long Blades    | 4 |  4.1
Dodging        | |  2.6

Action                   |  1- 3 |  4- 6 || total
-------------------------+-------+-------++-------
Melee: Falchion          |    85 |     8 ||    93
       Tailslap          |     6 |       ||     6
  Use: Scroll            |     8 |       ||     8
  Eat: Chunk             |     1 |     1 ||     2
Armor: Skin              |    18 |     8 ||    26
Dodge: Dodged            |    50 |    12 ||    62
       Rpst.: Falchion   |    18 |     3 ||    21

Table legend:
 A = Non-vault XP
 B = Vault XP
 C = Vault XP percentage of total XP
 D = Non-vault monster count
 E = Vault monster count
 F = Vault count percentage of total count
                 A         B        C        D         E       F
            +---------+---------+-------+---------+---------+-------
      Total |      72 |      39 |  35.1 |      29 |       1 |   3.3
            +---------+---------+-------+---------+---------+-------
        D:1 |      33 |       0 |   0.0 |      16 |       0 |   0.0
        D:2 |      25 |       0 |   0.0 |      12 |       0 |   0.0
        D:3 |      14 |      39 |  73.6 |       1 |       1 |  50.0
            +---------+---------+-------+---------+---------+-------
